Unix NetHack Version 5.0.0-0 post-release - last build Jun 10 2026 00:39:30 (3ee93aec679c4c4259841fe613dc97188e26a321,branch:main).

Game began 2026-07-04 12:09:22, ended 2026-07-04 13:33:20.

Eymerich, chaotic male elven Priest

                                           --
                                          --.   ----   ---
                                   -- |   |...---..|---..--
                                 ---...  ---.......--.....|
                               ...........................------
                                          -....@..))))(..).)........-
                                   .........  -....<.......---
                            0........>.. ...........----- .....
                        (.......................-#...       .......
                ................  -............-#----         ..--
                 |..........    ...............                 |
                 ---.  -- |      ----- ---....
                   -                     -----

Eymerich the Adept           St:12 Dx:15 Co:15 In:11 Wi:18 Ch:10  Chaotic
Dlvl:6  $:115 HP:0(47) Pw:84(89) AC:4  Xp:7 T:5185  Burdened Blind

Latest messages:
 You stop eating the gnome corpse.
 The gnome throws a dart!
 You are hit by a dart.
 The gnome throws a dart!
 You are hit by a dart.
 The gnome shoots an arrow!
 You are hit by an arrow.
 What do you want to drink? [cduzNQR or ?*]
 You feel better.
 The gnome throws a dart!
 You are hit by a dart.
 What do you want to zap? [klCI or ?*]
 In what direction?
 You kill the gnome!
 The gnome picks up a bow.
 The gnome throws a dart!
 You are hit by a dart.
 The gnome picks up 9 stones.
 The gnome wields a bow!
 You kill the gnome!
 The gnome shoots an arrow!
 An arrow misses you.
 You see here 2 darts.
 The gnome shoots an arrow!
 You are hit by an arrow.
 The gnome picks up a gem.
 The gnome picks up a cursed pair of hard shoes.
 The gnome picks up 5 +0 arrows.
 The gnome swings his bow.
 The gnome hits!
 The gnome puts on a cursed pair of hard shoes.
 You hit the raven!
 The raven bites!
 The raven misses!
 The raven bites!
 The raven blinds you!
 It bites!
 It just misses!
 Wait!  There's something there you can't see!
 It bites!
 You kill it!
 It misses!
 You try to feel what is lying here on the floor.
 It bites!
 You die...
 Do you want your possessions identified? [ynq] (y)
 Do you want to see your attributes? [ynq] (y)
 Do you want an account of creatures vanquished? [ynaq] (y)
 Do you want to see your conduct and achievements? [ynq] (y)
 Do you want to see the dungeon overview? [ynq] (y)

Inventory:
 Coins    ('$')
  $ - 115 gold pieces
 Weapons  (')')
  D - 4 +0 arrows (in quiver)
  w - a +0 elven bow (alternate weapon; not wielded)
  n - 34 +0 darts
  F - 7 +0 darts
  M - 2 +0 daggers
  V - a +0 elven dagger
  a - a blessed +4 mace (weapon in right hand)
 Armor    ('[')
  o - a blessed +1 orcish helm (being worn)
  S - a +0 pair of iron shoes (being worn)
  b - a +0 robe (being worn)
 Comestibles  ('%')
  Y - a slime mold
  e - a clove of garlic
  Z - 2 food rations
  f - a sprig of wolfsbane
  G - a lichen corpse
 Scrolls  ('?')
  P - a scroll of amnesia
  U - a scroll of create monster
  H - a scroll of remove curse
 Spellbooks  ('+')
  g - a spellbook of detect monsters
  A - a spellbook of detect monsters
  h - a spellbook of identify
 Potions  ('!')
  u - a potion of gain energy
  Q - a cursed potion of hallucination
  R - a potion of levitation
  c - a potion of object detection
  N - a blessed potion of sleeping
  d - 4 potions of holy water
 Wands    ('/')
  C - a wand of fire (0:1)
  l - a wand of make invisible (0:5)
  I - a wand of stasis (0:6)
  k - a wand of undead turning (0:4)
 Tools    ('(')
  s - an empty sack
  j - a bugle
  t - a magic marker (0:22)
  i - a mirror
  v - an oil lamp (lit)
  X - a +0 pick-axe
  p - a tin whistle
 Gems/Stones  ('*')
  r - a cursed jade stone named soft
  O - a worthless piece of black glass

Eymerich the Priest's attributes:

Background:
 You were an Adept, a level 7 elven Priest.
 You were chaotic, on a mission for Huhetotl
 who was opposed by Quetzalcoatl (lawful) and Camaxtli (neutral).
 You were right-handed.
 You were in the Gnomish Mines, on level 6.
 You entered the dungeon 5185 turns ago.
 You had 720 experience points, 560 more were needed to attain level 8.

Basics:
 You had 0 out of 47 hit points.
 You had 84 out of 89 energy points (spell power).
 Your armor class was 4.
 Your wallet contained 115 zorkmids.
 Autopickup was off.

Final Characteristics:
 Your strength was 12 (limit:18).
 Your dexterity was 15 (limit:18).
 Your constitution was 15 (limit:16).
 Your intelligence was 11 (limit:20).
 Your wisdom was 18 (limit:20).
 Your charisma was 10 (limit:18).

Final Status:
 You were temporarily blind.
 You weren't hungry.
 You were burdened; movement was slightly slowed.
 You were wielding a mace.
 You were skilled in mace.

Final Attributes:
 You were piously aligned.
 You were sleep resistant.
 You had infravision.
 You were guarded.
 Your spell casting was enhanced by wearing a robe.
 You are dead.

Miscellaneous:
 You didn't encounter any bones levels.
 Total elapsed playing time was 1 hour, 23 minutes and 56 seconds.

Major events:
 Turn
    1: Eymerich the chaotic elven Priest entered the dungeon
  757: attained the rank of Acolyte (level 3)
 2712: entered the Gnomish Mines
 3944: attained the rank of Adept (level 6)
 5185: killed by a raven

Spells:
 Name                 Level Category     Fail Retention
 detect monsters        1   divination     0%   51%-75%
 identify               3   divination    73%   51%-75%

Skills:
 Fighting Skills
   bare handed combat [Unskilled]
 Weapon Skills
   club               [Unskilled]
   mace               [Skilled]
   morning star       [Unskilled]
   flail              [Unskilled]
   hammer             [Unskilled]
   quarterstaff       [Unskilled]
   polearms           [Unskilled]
   spear              [Unskilled]
   trident            [Unskilled]
   lance              [Unskilled]
   bow                [Unskilled]
   sling              [Unskilled]
   crossbow           [Unskilled]
   dart               [Unskilled]
   shuriken           [Unskilled]
   boomerang          [Unskilled]
   unicorn horn       [Unskilled]
 Spellcasting Skills
   healing spells     [Unskilled]
   divination spells  [Unskilled]
   clerical spells    [Basic]

Voluntary challenges:
 Character rerolling was not enabled.
 You never genocided any monsters.
 You never polymorphed an object.
 You never changed form.
 You used no wishes.
Achievements:
 You attained the rank of Acolyte.
 You entered the Gnomish Mines.
 You attained the rank of Adept.

 The Dungeons of Doom: levels 1 to 6
    Level 1:
       An altar.
    Level 2:
       An altar to Huhetotl, some fountains, a sink.
    Level 3:
       An altar, a fountain, a grave.
    Level 4:
       Stairs down to The Gnomish Mines.
    Level 5: "locked chest, iron bars"
       A fountain.
    Level 6:
       Many fountains.
 The Gnomish Mines: levels 5 to 6
    Level 5:
    Level 6: <- You were here.
       Final resting place for
          you, killed by a raven.


Vanquished creatures:
  a gnome ruler
  a wood nymph
  a water nymph
  3 Mordor orcs
 an orc shaman
  a rock piercer
  a pony
  a fog cloud
  3 yellow lights
  4 shriekers
  a violet fungus
  2 gnome leaders
  a gnomish wizard
  a giant ant
  2 little dogs
  a floating eye
  a kitten
  4 dwarves
  a kobold leader
  5 rothes
  a rabid rat
  a giant bat
  a monkey
  a werejackal
 an iguana
 an acid blob
  a coyote
  2 gas spores
  2 hobbits
  2 manes
  2 large kobolds
  a hobgoblin
  a giant rat
  9 cave spiders
  a brown mold
  2 yellow molds
  3 green molds
  a red mold
 13 gnomes
  2 gnome zombies
  3 geckos
 14 jackals
  a fox
  a kobold
  4 goblins
 11 grid bugs
  2 bats
  3 lichens
  8 newts
131 creatures vanquished.

No species were genocided or became extinct.

Game over:
                       ----------
                      /          \
                     /    REST    \
                    /      IN      \
                   /     PEACE      \
                  /                  \
                  |     Eymerich     |
                  |      115 Au      |
                  |   killed by a    |
                  |      raven       |
                  |                  |
                  |                  |
                  |       2026       |
                 *|     *  *  *      | *
        _________)/\\_//(\/(/\)/\//\/|_)_______

Goodbye Eymerich the Priest...

You died in The Gnomish Mines on dungeon level 6 with 3234 points,
and 115 pieces of gold, after 5185 moves.
You were level 7 with a maximum of 47 hit points when you died.

